 Dungeon Crawl Stone Soup version 0.22-a0-246-gdc04c06 (webtiles) character file.

86 wolfsongas the Sneak (level 4, -4/38 HPs)
             Began as a Gnoll Wanderer on Feb 23, 2018.
             Killed by divine providence
             ... invoked by an orc priest
              (12 damage)
             ... on level 3 of the Dungeon.
             The game lasted 00:02:31 (1782 turns).

wolfsongas the Sneak (Gnoll Wanderer)               Turns: 1782, Time: 00:02:32

Health: -4/38      AC:  3    Str: 16 (17) XL:     4   Next: 49%
Magic:  5/5        EV: 12    Int:  8 (11) God:
Gold:   131        SH:  0    Dex: 13 (16) Spells: 5/5 levels left

rFire    . . .     SeeInvis .   f - +1 dagger
rCold    . . .     Gourm    .   (no shield)
rNeg     . . .     Faith    .   m - +0 leather armour
rPois    .         Spirit   .   (no helmet)
rElec    .         Reflect  .   (no cloak)
rCorr    .         Harm     .   (no gloves)
MR       .....                  (no boots)
Stlth    +++.......             (no amulet)
HPRegen  0.12/turn              (no ring)
MPRegen  0.09/turn              (no ring)

@: hasted, very quick
A: distributed training, fangs 1, strong nose
a: no special abilities


You were on level 3 of the Dungeon.
You were not hungry.

You visited 1 branch of the dungeon, and saw 3 of its levels.

You collected 131 gold pieces.

Inventory:

Hand Weapons
 c - a +0 spear
 f - a +1 dagger (weapon)
Armour
 e - a +0 robe
 m - a +0 leather armour (worn)
Scrolls
 a - a scroll of blinking
 i - a scroll of identify
 j - a scroll of magic mapping
Potions
 d - a potion of lignification
 h - a potion of haste
Comestibles
 g - 7 rations
 k - a chunk of flesh


   Skills:
 + Level 4.6 Fighting
 + Level 1.1 Short Blades
 + Level 1.1 Long Blades
 + Level 1.1 Axes
 + Level 1.1 Maces & Flails
 + Level 4.6 Polearms
 + Level 1.1 Staves
 + Level 1.1 Slings
 + Level 1.1 Bows
 + Level 1.1 Crossbows
 + Level 2.7 Throwing
 + Level 1.1 Armour
 + Level 2.7 Dodging
 + Level 6.0 Stealth
 + Level 1.1 Shields
 + Level 2.7 Unarmed Combat
 + Level 1.1 Spellcasting
 + Level 0.9 Conjurations
 + Level 0.9 Hexes
 + Level 0.9 Charms
 + Level 0.9 Summonings
 + Level 0.9 Necromancy
 + Level 0.9 Translocations
 + Level 0.9 Transmutations
 + Level 0.9 Fire Magic
 + Level 0.9 Ice Magic
 + Level 0.9 Air Magic
 + Level 0.9 Earth Magic
 + Level 0.9 Poison Magic
 + Level 1.2 Invocations
 + Level 1.1 Evocations


You had 5 spell levels left.
You didn't know any spells.

Dungeon Overview and Level Annotations

Branches:
Dungeon (3/15)

Altars:


Innate Abilities, Weirdness & Mutations

Your experience applies equally to all skills.
You have very sharp teeth.
Your uncanny sense of smell can sniff out nearby items.


Message History

The orc hits you with a dagger. The hobgoblin misses you.
The orc priest hits you with a club.
* * * LOW HITPOINT WARNING * * *
The orc hits you but does no damage.
You closely miss the orc priest.
The orc priest is severely wounded.
You hit the orc priest but do no damage.
The orc priest is severely wounded.
The orc barely misses you. The hobgoblin closely misses you.
The orc priest hits you with a club.
* * * LOW HITPOINT WARNING * * *
The orc barely misses you.
You hit the orc priest.
The orc priest is severely wounded.
The orc barely misses you. The hobgoblin closely misses you.
You hit the orc priest but do no damage.
The orc priest is severely wounded.
The orc priest mumbles some strange prayers to Beogh against you.
Beogh smites you!
You die...

#######.#.... #.# #
.......#... #.# ..
...#..... ##.#∆...
....... #..# ....
.....# #..#∆.....
.o..# #..# ..#...#go#
#..###.....o@o#
#...#########.#
#.#...........#
#.#############
#...........#########
######.####.........#
#)# #..######.#
#.####..# #.#<##..#


You could see an orc priest, 3 orcs and a hobgoblin.

Vanquished Creatures
  4 adders (D:2)
  A dart slug (D:1)
  An orc (D:3)
  2 ball pythons (D:2)
  5 bats (D:1)
  4 giant cockroaches
  6 goblins
  5 hobgoblins (D:1)
  4 jackals (D:2)
  3 kobolds (D:2)
  2 quokkas (D:2)
  3 frilled lizards (D:1)
  4 rats
44 creatures vanquished.

Notes
Turn   | Place    | Note
-------+----------+-------------------------------------------
     0 | D:1      | wolfsongas the Gnoll Wanderer began the quest for the Orb.
     0 | D:1      | wolfsongas set off with: a scroll of blinking, a potion of heal wounds, a +0 spear, a potion of lignification, a +0 robe, a +0 dagger, a ration
     0 | D:1      | Reached XP level 1. HP: 20/20 MP: 1/1
   154 | D:1      | Reached XP level 2. HP: 17/26 MP: 2/2
   355 | D:1      | Reached XP level 3. HP: 26/31 MP: 3/3
   640 | D:2      | Reached skill level 6 in Stealth
   640 | D:2      | Reached skill level 1 in Invocations
   893 | D:2      | Reached skill level 1 in Short Blades
   893 | D:2      | Reached skill level 1 in Long Blades
   893 | D:2      | Reached skill level 1 in Axes
   893 | D:2      | Reached skill level 1 in Maces & Flails
   893 | D:2      | Reached skill level 1 in Staves
   893 | D:2      | Reached skill level 1 in Slings
   893 | D:2      | Reached skill level 1 in Bows
   893 | D:2      | Reached skill level 1 in Crossbows
   893 | D:2      | Reached skill level 1 in Armour
   893 | D:2      | Reached skill level 1 in Shields
   893 | D:2      | Reached skill level 1 in Spellcasting
   893 | D:2      | Reached skill level 1 in Evocations
   899 | D:2      | Reached XP level 4. HP: 38/38 MP: 5/5
  1782 | D:3      | Killed from afar by an orc priest

Vault maps used:
D:1:      matt_arrival_los_fun
D:3:      cheibrodos_pilgrimage

Skill      XL: |  1  2  3 |
---------------+----------+-----
Stealth        | 6 |  6.0
Invocations    | 1 |  1.2
Short Blades   | 1 |  1.1
Long Blades    | 1 |  1.1
Axes           | 1 |  1.1
Maces & Flails | 1 |  1.1
Staves         | 1 |  1.1
Slings         | 1 |  1.1
Bows           | 1 |  1.1
Crossbows      | 1 |  1.1
Armour         | 1 |  1.1
Shields        | 1 |  1.1
Spellcasting   | 1 |  1.1
Evocations     | 1 |  1.1
Fighting       | |  4.6
Polearms       | |  4.6
Throwing       | |  2.7
Dodging        | |  2.7
Unarmed Combat | |  2.7
Conjurations   | |  0.9
Hexes          | |  0.9
Charms         | |  0.9
Summonings     | |  0.9
Necromancy     | |  0.9
Translocations | |  0.9
Transmutations | |  0.9
Fire Magic     | |  0.9
Ice Magic      | |  0.9
Air Magic      | |  0.9
Earth Magic    | |  0.9
Poison Magic   | |  0.9

Action                   |  1- 3 |  4- 6 || total
-------------------------+-------+-------++-------
Melee: Dagger            |   120 |    61 ||   181
       Bite              |    11 |     4 ||    15
       Spear             |     3 |       ||     3
       Punch             |     2 |       ||     2
  Use: Scroll            |     2 |     3 ||     5
       Potion            |     2 |     3 ||     5
 Stab: Sleeping          |     8 |     3 ||    11
  Eat: Ration            |       |     1 ||     1
       Chunk             |       |     1 ||     1
Armor: Robe              |    48 |     1 ||    49
       Skin              |    46 |    57 ||   103
       Leather armour    |       |     6 ||     6
Dodge: Dodged            |   107 |    36 ||   143

Table legend:
 A = Spawn XP
 B = Non-spawn XP
 C = Spawn XP percentage of total XP
 D = Spawn monster count
 E = Non-spawn monster count
 F = Spawn count percentage of total count
 G = Total turns spent on level
                    A         B        C        D         E        F      G
               +---------+---------+-------+---------+---------+-------+---------
         Total |       0 |     123 |   0.0 |       0 |      44 |   0.0 |  1782
               +---------+---------+-------+---------+---------+-------+---------
           D:1 |       0 |      37 |   0.0 |       0 |      21 |   0.0 |   559
           D:2 |       0 |      83 |   0.0 |       0 |      22 |   0.0 |  1163
           D:3 |       0 |       3 |   0.0 |       0 |       1 |   0.0 |    60
               +---------+---------+-------+---------+---------+-------+---------
